Map: Jagannatha LE

Players

ToddGack

  • Race: Zerg Zerg
  • League: Master
  • Spawn Location: 7:00

MarcoMan - Winner!

  • Race: Protoss Protoss
  • League: Master
  • Spawn Location: 1:00

VOD

Have the link to the VOD?

Description

Time

  • Played on: Jan. 31, 2021, 8:27 p.m.
  • Length: 28:09
Show
View Real Time Build Order
Export as new Build Order

ToddGack Zerg 

Build Orders: Hatch First, Lurkers 

Get SALT Encoding   

  12  0:00  Drone  
  13  0:12  Overlord  
  13  0:17  Drone  
  14  0:32  Drone x2  
  16  0:49  Hatchery  
  15  0:52  Drone  
  16  0:57  Drone  
  17  1:06  Extractor  
  16  1:12  Spawning Pool  
  16  1:16  Drone  
  16  1:21  Drone  
  16  1:23  Drone  
  18  1:29  Drone  
  19  1:43  Overlord  
  19  2:00  Queen  
  19  2:01  Zergling x4  
  22  2:02  Queen  
  25  2:10  Drone  
  25  2:11  Metabolic Boost  
  26  2:16  Drone  
  26  2:18  Drone  
  26  2:22  Drone  
  29  2:27  Drone  
  30  2:45  Hatchery  
  30  2:46  Zergling x2  
  30  2:47  Zergling x2  
  30  2:50  Overlord  
  30  2:53  Drone  
  31  3:02  Drone  
  31  3:03  Drone  
  31  3:05  Queen  
  35  3:14  Drone x2  
  35  3:15  Drone  
  38  3:20  Overlord, Drone  
  39  3:29  Overlord  
  39  3:30  Drone x3  
  42  3:35  Spore Crawler  
  42  3:40  Queen  
  43  3:51  Spore Crawler, Drone x3  
  45  3:56  Zergling x2  
  45  3:57  Zergling x6  
  45  4:02  Overlord  
  49  4:10  Drone  
  50  4:19  Lair  
  50  4:23  Drone x8  
  59  4:24  Drone  
  59  4:32  Overlord  
  59  4:33  Drone x3  
  59  4:37  Extractor  
  59  4:54  Drone x5  
  59  4:55  Drone x2  
  62  5:02  Overlord x2  
  62  5:13  Extractor, Drone x2  
  62  5:14  Extractor, Drone x5  
  62  5:17  Spore Crawler  
  65  5:25  Zergling x2  
  65  5:26  Zergling x10, Hydralisk Den  
  70  5:29  Baneling Nest  
  70  5:31  Hatchery  
  70  5:33  Evolution Chamber  
  67  5:37  Extractor, Drone  
  67  5:38  Drone x2  
  69  5:42  Overlord  
  69  5:43  Overlord  
  69  5:47  Drone  
  69  5:48  Drone x4  
  69  5:49  Drone  
  75  5:54  Queen  
  75  5:55  Drone  
  75  5:56  Drone x2  
  80  5:59  Extractor  
  79  6:04  Muscular Augments  
  79  6:07  Hydralisk x6  
  90  6:14  Zerg Missile Weapons Level 1  
  90  6:23  Overlord x2  
  90  6:30  Drone x2  
  92  6:35  Spine Crawler  
  92  6:38  Overlord x3  
  91  6:40  Hatchery  
  91  6:43  Hydralisk x4  
  97  6:59  Centrifical Hooks  
  97  7:03  Drone x8  
  105  7:12  Roach Warren  
  104  7:16  Hydralisk x3, Grooved Spines  
  104  7:17  Hydralisk x2  
  114  7:33  Spore Crawler, Queen  
  114  7:34  Drone x9  
  124  7:37  Extractor x2  
  124  7:41  Overseer  
  122  7:51  Spore Crawler  
  121  7:55  Hydralisk x5  
  121  7:56  Hydralisk x5  
  141  8:05  Spore Crawler  
  140  8:08  Zerg Ground Armor Level 1  
  140  8:22  Infestation Pit  
  140  8:24  Overlord x6  
  140  8:25  Hydralisk, Overlord  
  141  8:37  Overseer  
  141  8:42  Spine Crawler, Drone x2  
  141  8:43  Spine Crawler, Drone x6  
  147  8:54  Hydralisk  
  147  8:55  Hydralisk x7, Hatchery  
  151  9:00  Hive  
  162  9:23  Lurker Den  
  161  9:26  Glial Reconstitution  
  161  9:36  Zergling x34  
  161  9:37  Zergling x8  
  182  9:41  Baneling  
  182  9:42  Baneling  
  182  9:44  Zergling x30  
  197  9:53  Baneling x5  
  197  10:02  Zerg Missile Weapons Level 2  
  165  10:34  Zergling x18  
  165  10:35  Zergling x14  
  119  10:51  Seismic Spines  
  119  10:52  Spire  
  119  10:53  Hydralisk x9  
  119  10:54  Hydralisk x4  
  144  11:07  Drone x4  
  144  11:08  Drone x2  
  150  11:12  Lurker x3  
  150  11:13  Lurker  
  154  11:22  Hatchery  
  153  11:27  Spine Crawler  
  153  11:32  Drone x3  
  155  11:48  Adaptive Talons  
  155  11:58  Baneling x7  
  155  11:59  Baneling  
  155  12:00  Overseer  
  155  12:04  Extractor  
  155  12:05  Greater Spire  
  155  12:06  Corruptor x18  
  190  12:28  Overlord x2  
  190  12:30  Zerg Ground Armor Level 2  
  190  12:46  Extractor  
  190  12:47  Extractor  
  188  13:00  Queen  
  188  13:01  Queen  
  184  13:19  Infestor  
  177  13:20  Infestor x3  
  177  13:47  Hydralisk x2  
  177  13:48  Hydralisk x9  
  167  14:12  Corruptor x9  
  165  14:34  Lurker x3  
  165  14:35  Lurker x2  
  165  14:36  Queen  
  165  14:37  Queen x3  
  175  14:45  Extractor  
  174  14:55  Hydralisk x13  
  174  14:59  Hatchery  
  195  15:17  Infestor x3  
  197  15:34  Corruptor x4  
  197  15:35  Corruptor x6  
  168  15:45  Hydralisk x8  
  168  15:46  Hydralisk x2  
  168  15:47  Zergling x2  
  168  15:48  Zergling x26  
  190  16:12  Drone  
  190  16:13  Drone x5  
  196  16:24  Overseer x2  
  196  16:34  Spore Crawler, Spine Crawler  
  196  16:35  Drone x3  
  196  16:36  Spore Crawler  
  196  16:37  Spore Crawler  
  196  16:38  Baneling x2  
  196  16:39  Baneling x4  
  195  16:40  Spore Crawler  
  195  16:45  Spore Crawler x2  
  192  16:59  Lurker x5  
  192  17:00  Lurker x2  
  199  17:08  Drone  
  199  17:09  Extractor  
  199  17:11  Extractor  
  198  17:49  Evolution Chamber  
  198  17:50  Evolution Chamber  
  178  18:13  Hydralisk x10  
  192  18:39  Hydralisk x5  
  192  18:40  Hydralisk x4  
  194  18:49  Lurker x2  
  194  18:50  Lurker  
  197  19:01  Spine Crawler  
  197  19:02  Spine Crawler  
  195  19:05  Spine Crawler  
  194  19:26  Overseer  
  194  19:29  Hatchery  
  187  19:37  Overseer  
  185  19:52  Roach x7  
  199  20:05  Lurker  
  148  20:33  Hydralisk x4  
  148  20:34  Hydralisk x15  
  171  20:59  Viper x4  
  171  21:01  Hydralisk x5  
  171  21:02  Hatchery  
  171  21:03  Extractor  
  171  21:04  Spine Crawler, Extractor  
  189  21:05  Spore Crawler  
  189  21:06  Spine Crawler, Overlord x5  
  189  21:07  Overseer x2  
  189  21:08  Spore Crawler  
  189  21:09  Spore Crawler x2  
  184  21:18  Lurker x4  
  187  21:22  Lurker  
  187  21:23  Lurker x3  
  192  21:32  Hydralisk x4  
  156  22:30  Hydralisk  
  156  22:31  Hydralisk x15  
  156  22:35  Burrow  
  184  22:39  Drone  
  184  22:40  Drone x2  
  187  22:44  Lurker x5  
  187  22:45  Lurker  
  187  22:49  Spire  
  188  22:51  Zerg Flyer Weapons Level 1  
  184  23:02  Hydralisk x9  
  197  23:25  Hydralisk  
  163  23:43  Hydralisk x8  
  163  23:44  Hydralisk x11  
  195  23:54  Spine Crawler  
  195  23:55  Spore Crawler, Spine Crawler x2  
  186  23:56  Spine Crawler  
  186  23:57  Spine Crawler  
  172  24:06  Hydralisk x5  
  172  24:07  Hydralisk x6  
  141  24:28  Corruptor x17  
  148  24:45  Zerg Flyer Armor Level 1  
  136  25:21  Corruptor x12  
  135  25:37  Lurker x5  
  140  25:43  Queen x2  
  139  25:50  Drone  
  139  25:51  Drone x2  
  139  25:53  Spore Crawler  
  139  25:54  Spore Crawler  
  139  25:55  Spore Crawler  
  136  26:09  Drone x3  
  136  26:10  Queen  
  134  26:14  Overseer  
  130  26:48  Overlord x3  
  130  26:51  Spire  
  131  26:54  Hydralisk Den  
  131  27:00  Spore Crawler  
  131  27:01  Spore Crawler  
  128  27:02  Spore Crawler x2  
  128  27:05  Pneumatized Carapace  
Show
View Real Time Build Order
Export as new Build Order

MarcoMan Protoss - Winner!

Build Orders: 1 Gate Expand, Oracle Opening, Carriers 

Get SALT Encoding   

  12  0:01  Probe  
  13  0:13  Probe  
  14  0:19  Pylon  
  14  0:26  Probe  
  15  0:38  Probe (Chrono Boost)  
  15  0:41  Gateway  
  17  0:50  Probe (Chrono Boost)  
  17  0:52  Assimilator  
  17  0:56  Probe (Chrono Boost)  
  18  1:06  Probe  
  19  1:18  Probe  
  20  1:29  Nexus  
  20  1:39  Cybernetics Core  
  20  1:42  Probe  
  21  1:50  Assimilator  
  22  1:54  Probe  
  22  1:57  Pylon  
  22  2:06  Probe  
  23  2:13  Adept (Chrono Boost)  
  23  2:18  Probe  
  26  2:28  Stargate  
  26  2:30  Probe  
  27  2:45  Adept (Chrono Boost)  
  27  2:47  Warp Gate  
  29  2:56  Gateway  
  29  2:58  Probe x2  
  31  3:10  Probe x2  
  31  3:11  Adept  
  35  3:15  Oracle (Chrono Boost)  
  38  3:22  Probe x2  
  41  3:34  Probe x2  
  41  3:37  Pylon  
  42  3:46  Probe  
  43  3:49  Void Ray  
  43  3:51  Probe  
  44  3:58  Probe  
  49  4:03  Probe  
  50  4:10  Probe  
  50  4:15  Probe  
  52  4:22  Probe  
  53  4:26  Shield Battery, Nexus  
  53  4:27  Pylon  
  53  4:28  Probe  
  54  4:45  Probe x2  
  54  4:48  Adept x2  
  54  4:52  Void Ray  
  59  4:58  Probe  
  59  4:59  Probe  
  62  5:24  Shield Battery  
  62  5:27  Assimilator  
  62  5:30  Assimilator  
  62  5:31  Void Ray (Chrono Boost)  
  62  5:34  Twilight Council  
  62  5:35  Pylon, Stargate  
  62  5:37  Pylon, Probe x2  
  62  5:42  Zealot  
  70  5:48  Probe (Chrono Boost)  
  70  5:49  Probe (Chrono Boost)  
  73  5:50  Probe (Chrono Boost)  
  73  6:01  Probe (Chrono Boost)  
  73  6:02  Probe (Chrono Boost)  
  76  6:05  Void Ray (Chrono Boost), Probe (Chrono Boost)  
  76  6:08  Probe x2 (Chrono Boost)  
  82  6:12  Forge, Probe (Chrono Boost)  
  82  6:13  Pylon  
  82  6:16  Probe x2  
  82  6:18  Shield Battery  
  85  6:21  Sentry  
  85  6:24  Probe  
  88  6:29  Probe x2  
  90  6:33  Assimilator  
  90  6:35  Pylon  
  90  6:36  Assimilator, Probe  
  90  6:37  Protoss Air Weapons Level 1  
  91  6:40  Templar Archives  
  91  6:41  Probe  
  92  6:55  Charge  
  92  6:59  Probe  
  93  7:04  Photon Cannon  
  93  7:06  Photon Cannon  
  93  7:08  Probe  
  93  7:09  Photon Cannon, Probe  
  93  7:11  Shield Battery  
  95  7:17  Psionic Storm  
  95  7:18  Photon Cannon  
  95  7:19  High Templar x2  
  95  7:20  Photon Cannon  
  99  7:22  Photon Cannon  
  99  7:37  Photon Cannon  
  99  7:38  Shield Battery  
  99  7:40  Pylon  
  99  7:42  Photon Cannon  
  99  7:44  Shield Battery  
  99  7:54  Photon Cannon  
  99  7:56  Photon Cannon  
  99  7:57  Pylon  
  99  8:05  High Templar x2  
  103  8:10  Pylon  
  103  8:12  Pylon  
  103  8:15  Gateway  
  103  8:17  Gateway  
  103  8:24  Photon Cannon  
  103  8:27  Pylon  
  103  8:30  Fleet Beacon, Void Ray  
  103  8:31  Void Ray  
  111  8:44  Probe x2  
  111  8:45  Probe  
  114  8:51  Stargate  
  114  8:54  Pylon  
  114  8:56  Pylon, Probe  
  115  9:06  Zealot  
  115  9:07  Zealot  
  119  9:13  Robotics Facility  
  119  9:15  Carrier (Chrono Boost)  
  125  9:19  Carrier (Chrono Boost)  
  131  9:45  Stargate  
  131  9:54  Protoss Shields Level 1  
  137  10:04  Carrier (Chrono Boost)  
  135  10:23  Zealot x2  
  135  10:24  Zealot  
  116  10:46  Zealot x2  
  136  10:51  High Templar  
  136  10:53  Carrier x2 (Chrono Boost)  
  136  10:55  Carrier (Chrono Boost)  
  138  10:58  Photon Cannon  
  138  11:00  Photon Cannon  
  138  11:05  Carrier (Chrono Boost)  
  138  11:07  Cybernetics Core  
  138  11:09  Cybernetics Core  
  144  11:14  Photon Cannon  
  144  11:17  Photon Cannon x2  
  144  11:22  Pylon  
  144  11:24  Pylon  
  144  11:26  Gateway  
  144  11:29  Cybernetics Core  
  144  11:39  Carrier (Chrono Boost)  
  144  11:42  Pylon  
  144  11:45  Pylon  
  150  12:01  Protoss Air Weapons Level 2  
  150  12:06  Carrier x2 (Chrono Boost)  
  162  12:26  High Templar  
  164  12:31  Protoss Air Armor Level 1  
  164  12:33  Pylon  
  164  12:35  Pylon  
  164  12:44  Nexus  
  164  12:47  Assimilator  
  170  12:51  Assimilator  
  170  12:59  Gateway  
  170  13:01  Gateway, Photon Cannon, Carrier (Chrono Boost)  
  170  13:04  Observer (Chrono Boost), Photon Cannon  
  171  13:06  Photon Cannon  
  171  13:08  Photon Cannon  
  171  13:10  Void Ray (Chrono Boost)  
  165  13:17  Observer (Chrono Boost)  
  165  13:19  Void Ray (Chrono Boost)  
  170  13:23  Photon Cannon  
  170  13:25  Photon Cannon  
  170  13:26  Shield Battery  
  170  13:40  Void Ray (Chrono Boost)  
  174  13:44  Void Ray  
  174  13:55  Carrier  
  180  14:05  Void Ray  
  170  14:12  Void Ray  
  178  14:28  Probe x3  
  178  14:29  Probe  
  182  14:34  Observer (Chrono Boost)  
  183  14:40  Probe x3  
  183  14:41  Probe  
  187  14:47  Observer (Chrono Boost)  
  188  14:58  Pylon  
  188  15:01  Pylon  
  188  15:02  Protoss Air Weapons Level 3 (Chrono Boost)  
  176  15:21  Zealot x2  
  176  15:22  Zealot  
  166  15:41  High Templar x2  
  166  15:42  High Templar  
  172  15:49  Zealot  
  174  16:17  Void Ray x2  
  182  16:28  Void Ray  
  182  16:38  Nexus  
  186  16:41  Pylon  
  186  16:43  Pylon  
  186  16:46  Assimilator  
  186  16:48  Void Ray  
  186  16:50  Assimilator  
  188  17:01  Shield Battery  
  188  17:04  Shield Battery  
  188  17:06  Shield Battery, High Templar  
  190  17:08  High Templar x2  
  190  17:09  High Templar  
  190  17:12  Pylon  
  190  17:15  Archon  
  196  17:19  Protoss Shields Level 2 (Chrono Boost)  
  196  17:26  Protoss Air Armor Level 2 (Chrono Boost)  
  196  17:32  Gateway  
  196  17:34  Photon Cannon  
  196  17:36  Shield Battery, Photon Cannon  
  196  17:39  Photon Cannon  
  196  17:44  Gateway  
  196  17:45  Photon Cannon  
  196  17:47  Photon Cannon  
  196  17:49  Photon Cannon  
  196  18:12  High Templar x2  
  200  18:18  Shield Battery  
  200  18:21  Shield Battery  
  200  18:41  High Templar x2  
  196  18:49  Shield Battery  
  196  18:51  Zealot x2  
  196  19:56  Zealot x2  
  178  20:30  Zealot x3  
  168  20:39  Archon  
  168  20:41  Void Ray x2 (Chrono Boost)  
  166  20:44  High Templar x2  
  166  20:47  Carrier x2 (Chrono Boost)  
  190  21:02  Dark Shrine  
  190  21:04  High Templar, Gateway  
  190  21:07  Nexus, Gateway  
  190  21:09  Pylon  
  192  21:13  Gateway  
  192  21:14  Pylon, Protoss Air Armor Level 3  
  192  21:16  Pylon  
  192  21:27  Photon Cannon  
  192  21:28  Photon Cannon  
  192  21:30  Photon Cannon  
  192  21:37  Photon Cannon  
  192  21:38  Zealot x4, Photon Cannon  
  200  21:40  Assimilator, Photon Cannon  
  200  21:41  Shield Battery  
  200  21:43  Shield Battery  
  200  21:44  Assimilator  
  175  22:36  Zealot x3  
  179  22:37  Dark Templar  
  179  22:53  Zealot  
  177  23:05  High Templar x2  
  180  23:52  Pylon  
  180  23:53  Pylon  
  180  23:54  Void Ray  
  180  24:01  Carrier  
  188  24:15  Zealot x3  
  194  24:54  Void Ray x2  
  192  25:35  Void Ray  
  186  25:42  Carrier  
  194  25:55  Photon Cannon  
  194  25:57  Photon Cannon  
  194  25:59  Photon Cannon  
  194  26:00  Shield Battery  
  194  26:02  Shield Battery  
  194  26:22  Void Ray  
  194  26:25  Pylon  
  194  26:27  Pylon  
  194  26:31  Assimilator  
  198  26:33  Assimilator  
  198  27:02  Nexus, Photon Cannon  
  198  27:05  Photon Cannon  
  198  27:07  Photon Cannon  
  197  27:09  Photon Cannon  
  197  27:10  Shield Battery  
  197  27:12  Shield Battery  
  197  27:15  Pylon  
  194  27:37  Photon Cannon  
Tags
 
Add a new tag
Caveats
  • Supply blocks, unpowered buildings, or Contaminate may cause inaccurate times.
  • Supply counts are checked every 10 seconds.